 Dungeon Crawl Stone Soup version 0.31-a0-675-g238779eb0a (webtiles) character file.

Game seed: 220451560149510906

69 Strat the Trooper (level 4, -1/37 HPs)
             Began as a Barachi Monk on Sept 5, 2023.
             Slain by a +2 spectral club (7 damage)
             ... created by Jessica
             ... on level 2 of the Dungeon.
             The game lasted 00:02:29 (1440 turns).

Strat the Trooper (Barachi Monk)                    Turns: 1440, Time: 00:02:30

Health: -1/37      AC:  3    Str: 12    XL:     4   Next: 20%
Magic:  4/4        EV: 13    Int: 12    God:
Gold:   42         SH:  0    Dex: 15    Spells: 3/3 levels left

rFire   . . .        a - +0 spear
rCold   . . .        d - orb {light}
rNeg    . . .        b - +0 robe
rPois   .            (no helmet)
rElec   .            (no cloak)
rCorr   .            (no gloves)
SInv    .            f - +0 pair of boots
Will    .....        (no amulet)
Stlth   +            (no ring)
HPRegen 0.26/turn    (no ring)
MPRegen 0.09/turn

%: no passive effects
@: unable to hop, glowing, slow
A: amphibious, slowness 1, strong legs 1, +LOS
a: Hop


You were on level 2 of the Dungeon.
You visited 1 branch of the dungeon, and saw 2 of its levels.

You collected 42 gold pieces.

Inventory:

Hand Weapons
 a - a +0 spear (weapon)
Armour
 b - a +0 robe (worn)
 d - an orb of light (worn)
 f - a +0 pair of boots (worn)
Jewellery
 h - an amulet of faith
Scrolls
 c - a scroll of enchant armour {unknown}
 e - a scroll of fog {unknown}
 i - a scroll of poison {unknown}
Potions
 g - a potion of curing {unknown}
 j - a potion of mutation {unknown}


   Skills:
 + Level 4.2 Fighting
 * Level 4.1 Polearms
 + Level 3.9 Dodging


You had 3 spell levels left.
You didn't know any spells.
Your spell library was empty.

Dungeon Overview and Level Annotations

Branches:
Dungeon (2/15)

Altars:

Annotations:
D:2 1 runed translucent door, Crazy Yiuf, Jessica, Natasha, Sigmund


Innate Abilities, Weirdness & Mutations

You are amphibious.
You cover ground slowly.
You can hop short distances.
You have an extended range of vision and can be seen from far away.


Message History

Found a stone staircase leading down.
There is a stone staircase leading down here.
j - a lumpy green potion As you open the door, it creaks loudly!
Jessica the Apprentice Sorceress comes into view.
She is wielding a +2 spectral club.
You hear a shout!
Sigmund the Dreaded comes into view.
He is wielding a +0 scythe.
Jessica casts a spell.
Jessica seems to speed up.
Sigmund casts a spell at you. You resist with some effort.
Sigmund gestures at you while chanting. The magic dart hits you.
Jessica casts a spell.
Jessica blinks!
Jessica casts a spell.
Jessica blinks!
Jessica attacks as she pursues you!
Jessica hits you with a +2 spectral club.
The +2 spectral club hits you.
Jessica hits you with a +2 spectral club.
The +2 spectral club hits you!
* * * LOW HITPOINT WARNING * * *
A +2 spectral club comes into view.
Hop to where?
Press: ? - help, Dir - move target Boing!
The +2 spectral club disappears.
Jessica mumbles something strange.
Jessica closely misses you. The +2 spectral club hits you.
* * * LOW HITPOINT WARNING * * *
A +2 spectral club comes into view.
The +2 spectral club disappears.
Jessica hits you with a +2 spectral club.
* * * LOW HITPOINT WARNING * * *
The +2 spectral club hits you.
* * * LOW HITPOINT WARNING * * *
A +2 spectral club comes into view.
The +2 spectral club hits you!
You die...

##. #####.. #......
#######.###..
####............
####....###.#.§#...
#....######.#..#.##
#.#####........#...
####>@(.....@........§
#......@...#...#....#.
#.##.#####.#.########.
#.##.#...###.# ###
#.##.#.#.# #.# #..
#.##.#.#.# #.# #'#
#........# #.# @..
####.##.####.# .....
#.........#.......


You could see Sigmund, a +2 spectral club and Jessica (fast).

Vanquished Creatures
  Natasha (D:2)
  A worm (D:2)
  4 endoplasms (D:1)
  5 giant cockroaches
  A goblin (D:1)
  7 hobgoblins
  A quokka (D:1)
  5 ball pythons
  5 bats
  A frilled lizard (D:1)
  3 kobolds (D:1)
  3 rats
37 creatures vanquished.

Notes
Turn   | Place    | Note
-------+----------+-------------------------------------------
     0 | D:1      | Strat the Barachi Monk began the quest for the Orb.
     0 | D:1      | Reached XP level 1. HP: 18/18 MP: 1/1
    66 | D:1      | Found a faded altar of an unknown god.
   171 | D:1      | Reached XP level 2. HP: 25/25 MP: 2/2
   436 | D:1      | Reached XP level 3. HP: 30/30 MP: 3/3
   913 | D:2      | Noticed Natasha
   932 | D:2      | Killed Natasha
   933 | D:2      | Reached XP level 4. HP: 13/37 MP: 4/4
  1084 | D:2      | Noticed Natasha
  1309 | D:2      | Found a runed translucent door.
  1310 | D:2      | Noticed Crazy Yiuf
  1421 | D:2      | Noticed Jessica
  1421 | D:2      | Noticed Sigmund
  1440 | D:2      | Slain by a +2 spectral club

Illustrated notes

Levels and vault maps discovered:
D:1:      elethiomel_arrival_shortcut, layout_basic, basic_ecumenical_altar,
          nicolae_titane
D:2:      layout_basic, uniq_jessica, uniq_natasha, uniq_sigmund,
          uniq_crazy_yiuf_cottage

Skill      XL: |  1  2  3 |
---------------+----------+-----
Fighting       | 4 |  4.2
Polearms       | 4 |  4.1
Dodging        | |  3.9

Action                     |  1- 3 |  4- 6 || total
---------------------------+-------+-------++-------
  Melee: Spear             |   109 |    20 ||   129
Ability: Hop               |       |     1 ||     1
    Use: Potion            |     1 |       ||     1
 Armour: Robe              |    36 |    15 ||    51
  Dodge: Dodged            |    66 |     7 ||    73

Table legend: (Time is in decaauts)
 A = Elapsed time spent in this place.
 B = Non-inter-level travel time spent in this place.
 C = Inter-level travel time spent in this place.
 D = Time resting spent in this place.
 E = Time spent auto-exploring this place.
 F = Levels seen in this place.
 G = Mean time per level.
                   A        B        C        D        E       F      G
               +--------+--------+--------+--------+--------+-----+--------+
         Total |   1648 |   1621 |     27 |     18 |   1228 |   2 |  824.0 |
       Dungeon |   1648 |   1621 |     27 |     18 |   1228 |   2 |  824.0 |
               +--------+--------+--------+--------+--------+-----+--------+

Top non-repeatable levels by time:
     D:1: 947 daAuts
     D:2: 700 daAuts
